 Dungeon Crawl Stone Soup version 0.27.0-1-g7a089689b8 (webtiles) character file.

Game seed: 7246473427160872495

8 ZARRMARR the Chopper (level 2, 0/27 HPs)
             Began as a Hill Orc Monk on Aug 10, 2021.
             Slain by a goblin (1 damage)
             ... on level 1 of the Dungeon.
             The game lasted 00:01:26 (476 turns).

ZARRMARR the Chopper (Hill Orc Monk)                 Turns: 476, Time: 00:01:27

Health: 0/27       AC:  2    Str: 15    XL:     2   Next: 8%
Magic:  2/2        EV: 12    Int: 12    God:
Gold:   0          SH:  0    Dex: 13    Spells: 1/1 levels left

rFire    . . .     SeeInvis .   a - +0 hand axe
rCold    . . .     Faith    .   (no shield)
rNeg     . . .     Spirit   .   b - +0 robe
rPois    .         Reflect  .   (no helmet)
rElec    .         Harm     .   (no cloak)
rCorr    .         Rampage  .   (no gloves)
Will     .....                  (no boots)
Stlth    ++........             (no amulet)
HPRegen  0.09/turn              (no ring)
MPRegen  0.08/turn              (no ring)

@: no status effects
A: hooves 1, clever 1, strong 1, subdued magic 1
a: no special abilities


You were on level 1 of the Dungeon.
You visited 1 branch of the dungeon, and saw 1 of its levels.

Inventory:

Hand Weapons
 a - a +0 hand axe (weapon)
Missiles
 d - 6 javelins (quivered)
Armour
 b - a +0 robe (worn)
Scrolls
 c - 2 scrolls of blinking {unknown}


   Skills:
 + Level 3.9 Fighting
 + Level 4.4 Axes
 + Level 2.4 Dodging
 + Level 1.5 Stealth


You had one spell level left.
You didn't know any spells.
Your spell library was empty.

Dungeon Overview and Level Annotations

Branches:
Dungeon (1/15)

Altars:


Innate Abilities, Weirdness & Mutations

You have large cloven feet.
Your mind is acute. (Int +2)
Your muscles are strong. (Str +2)
Your spells are a little easier to cast, but a little less powerful.


Message History

The hobgoblin is heavily wounded.
The hobgoblin hits you.
You hit the hobgoblin.
The hobgoblin is severely wounded.
The hobgoblin hits you.
You closely miss the hobgoblin.
The hobgoblin is severely wounded.
The hobgoblin closely misses you.
You hit the hobgoblin but do no damage.
The hobgoblin is severely wounded.
The hobgoblin hits you.
The hobgoblin hits you but does no damage.
You hit the hobgoblin.
The hobgoblin is almost dead.
The hobgoblin hits you.
You hit the hobgoblin.
You kill the hobgoblin!
You have reached level 2!
It was a potion of cancellation.
You feel magically purged. The endoplasm hits you.
* * * LOW HITPOINT WARNING * * *
It was a potion of mutation.
You feel extremely strange.
Your connection to magic feels subdued.
You feel stronger.
Your feet thicken and deform.
You feel clever. The endoplasm freezes you.
You are frozen.
* * * LOW HITPOINT WARNING * * *
You hit the endoplasm.
The endoplasm is severely wounded.
The endoplasm hits you.
* * * LOW HITPOINT WARNING * * *
You barely miss the endoplasm.
You kick the endoplasm, but do no damage.
The endoplasm is severely wounded.
The endoplasm hits you.
* * * LOW HITPOINT WARNING * * *
You slash the endoplasm!
You kill the endoplasm!
You closely miss the goblin. The goblin hits you with a +0 club.
You die...

.........# ##..#........
.......# ##.........#
###.########.....####....
###'#####.......## .
................####
...................#
..###########....#.# #.#
#...)...##g#.# #.#
#.########@#.# #.#
#.#......#.#.# #.#
#.#.###.##.#.# #.# #.#.#
#.##.#.# #.# #.#.#
#.##.#.# #.#######.#
#.##.# #.........# #.##.#
..........# #.##.#
#########.# #.##.#


You could see a goblin.

Vanquished Creatures
  An endoplasm (D:1)
  3 goblins (D:1)
  A hobgoblin (D:1)
  A kobold (D:1)
  A bat (D:1)
7 creatures vanquished.

Notes
Turn   | Place    | Note
-------+----------+-------------------------------------------
     0 | D:1      | ZARRMARR the Hill Orc Monk began the quest for the Orb.
     0 | D:1      | Reached XP level 1. HP: 19/19 MP: 1/1
   471 | D:1      | Reached XP level 2. HP: 9/27 MP: 2/2
   472 | D:1      | Gained mutation: Your spells are a little easier to cast,
                  | but a little less powerful. [potion of mutation]
   472 | D:1      | Gained mutation: Your muscles are strong. (Str +2) [potion
                  | of mutation]
   472 | D:1      | Gained mutation: You have large cloven feet. [potion of
                  | mutation]
   472 | D:1      | Gained mutation: Your mind is acute. (Int +2) [potion of
                  | mutation]
   474 | D:1      | HP: 1/27 [endoplasm (2)]
   476 | D:1      | Slain by a goblin

Illustrated notes

Levels and vault maps discovered:
D:1:      dpeg_arrival_concentric_ovals, layout_basic,
          shapermc_ecumenical_altar_venn

Action                   || total
-------------------------++-------
Melee: Hand axe          ||    34
       Kick              ||     1
Throw: Javelin           ||     2
  Use: Potion            ||     2
Armor: Robe              ||     7
Dodge: Dodged            ||    17
